 Dungeon Crawl Stone Soup version 0.29-a0-319-gad05b8d819 (webtiles) character file.

Game seed: 9308096578872775015

1290 zishaf the Firebug (level 8, -5/62 (69) HPs)
             Began as a Naga Fire Elementalist on Apr 1, 2022.
             Slain by an orc
             ... wielding a +0 trident
              (7 damage)
             ... on level 6 of the Dungeon.
             The game lasted 00:17:11 (6013 turns).

zishaf the Firebug (Naga Fire Elementalist)         Turns: 6013, Time: 00:17:11

HP:   -5/62 (69)    AC:  4    Str: 11    XL:     8   Next: 55%
MP:   14/14         EV: 10    Int: 17    God:
Gold: 244           SH:  0    Dex: 12    Spells: 6/16 levels left

rFire   + . .      SeeInvis +   j - staff of conjuration
rCold   + . .      Faith    .   (no shield)
rNeg    . . .      Spirit   .   a - +0 robe
rPois   +          Reflect  .   f - +0 helmet
rElec   +          Harm     .   (no cloak)
rCorr   +          Rampage  .   (no gloves)
Will    ++...                   (no barding)
Stlth   ++........              i - amulet of the acrobat
HPRegen 0.20/turn               g - ring of willpower
MPRegen 0.14/turn               (no ring)

@: mighty, resistant, flying, hasted, heavily drained, quick
A: AC +2, large, see invisible, deformed body, poison resistance, slowness 2,
spit poison 1, naga tail 1
a: Spit Poison


You were on level 6 of the Dungeon.
You visited 1 branch of the dungeon, and saw 6 of its levels.
You also visited: Sewer.

You collected 358 gold pieces.
You spent 114 gold pieces at shops.

Inventory:

Hand Weapons
 n - a +1 vorpal hunting sling
Armour
 a - a +0 robe (worn)
 f - a +0 helmet (worn)
Magical Staves
 j - a staff of conjuration (weapon)
Jewellery
 g - a ring of willpower (left hand)
 i - an amulet of the acrobat (around neck)
Wands
 k - a wand of paralysis (13)
 v - a wand of flame (16)
 B - a wand of charming (2)
Scrolls
 d - a scroll of magic mapping
 o - 2 scrolls of fear {unknown}
 p - 3 scrolls of teleportation
 q - a scroll of fog {unknown}
 t - a scroll of amnesia {unknown}
 u - 2 scrolls of enchant weapon
 w - a scroll of immolation
 x - a scroll of silence {unknown}
 y - 3 scrolls of brand weapon
 z - 2 scrolls of noise {unknown}
 C - a scroll of summoning
Potions
 b - a potion of magic
 c - 2 potions of curing
 e - a potion of mutation
 h - 2 potions of attraction
 s - a potion of might


   Skills:
 + Level 3.2 Fighting
 - Level 1.7 Dodging
 - Level 4.0 Stealth
 + Level 4.6 Spellcasting
 + Level 4.5 Conjurations
 * Level 7.2 Fire Magic


You had 6 spell levels left.
You knew the following spells:

 Your Spells              Type           Power      Damage    Failure   Level
a - Scorch                Fire           56%        2d7       1%          2
b - Conjure Flame         Conj/Fire      35%        6-21      4%          3
c - Foxfire               Conj/Fire      100%       2x1d9     1%          1
d - Flame Wave            Conj/Fire      35%        2d8       13%         4

Your spell library contained the following spells:

 Spells                   Type           Power      Damage    Failure   Level
 Inner Flame              Hex/Fire       16%        N/A       10%         3
 Sticky Flame             Conj/Fire      35%        2d5       13%         4
 Ignite Poison            Fire/Tmut/Pois 12%        N/A       17%         3
 Fulminant Prism          Conj/Hex       8%         3d7       50%         4
 Iskenderun's Mystic Bla  Conj/Tloc      17%        2d5       50%         4
 Lee's Rapid Deconstruct  Erth           1%         3d5*      99%         5


Dungeon Overview and Level Annotations

Branches:
Dungeon (6/15)              Sewer (visited)
 Temple: D:4-7

Altars:
Nemelex Xobeh
Trog
Uskayaw
Yredelemnul
The Shining One

Shops:
D:4 ?   D:5 =

Annotations:
D:5 2 transporters


Innate Abilities, Weirdness & Mutations

Your serpentine skin is tough. (AC +2)
You have supernaturally acute eyesight. (SInv)
Armour fits poorly on your strangely shaped body.
Your system is resistant to poisons. (rPois)
You cover ground very slowly.
You can spit poison.
You have a snake-like lower body.


Message History

You hit the wight!
You destroy the wight!
You feel a little less mighty now. The wight barely misses you.
The wight misses you. The ice beast closely misses you.
The orc hits you from afar with a +0 trident.
Items here: ))) [[[ †.
You barely miss the wight. The wight closely misses you.
The orc hits you from afar with a +0 trident.
You hit the wight but do no damage. The wight hits you with a +5 falchion!
* * * LOW HITPOINT WARNING * * *
You feel drained.
* * * LOW HITPOINT WARNING * * *
The orc completely misses you.
You hit the wight.
The wight is moderately damaged.
The wight hits you with a +5 falchion.
* * * LOW HITPOINT WARNING * * *
The orc barely misses you.
You feel much better. The wight hits you but does no damage.
The orc barely misses you.
You feel very mighty all of a sudden.
You hit the wight!
The wight is severely damaged.
The wight hits you with a +5 falchion!
* * * LOW HITPOINT WARNING * * *
The orc hits you from afar with a +0 trident.
* * * LOW HITPOINT WARNING * * *
You completely miss the wight.
The wight is severely damaged.
The wight hits you with a +5 falchion!
* * * LOW HITPOINT WARNING * * *
You feel drained.
* * * LOW HITPOINT WARNING * * *
The orc barely misses you.
You hit the wight.
The wight is almost destroyed.
The wight barely misses you.
The orc hits you from afar with a +0 trident!
You die...

#.. ...
#.# # #.#
#.##.###.#
#...Yz...#
#o# #z#
#@# #..#
#.## #. #.
#. #. #.


You could see an ice beast, 2 wights and an orc.

Vanquished Creatures
  A sky beast (D:4)
  An ogre (D:6)
  A centaur (D:5)
  A phantom (D:4)
  2 bullfrogs (Sewer)
  A necrophage (D:4)
  3 wights (D:6)
  4 hounds
  4 iguanas
  Ijyb (D:3)
  2 orc wizards (D:4)
  12 adders
  3 gnolls (D:5)
  A white imp (D:5)
  2 worms
  3 dart slugs
  17 orcs
  14 endoplasms
  10 giant cockroaches
  13 goblins
  10 hobgoblins
  8 jackals
  6 quokkas
  17 ball pythons
  5 bats
  8 frilled lizards
  3 kobolds
  A rat (D:1)
154 creatures vanquished.

Vanquished Creatures (others)
  376 foxfires
376 creatures vanquished.

Grand Total: 530 creatures vanquished

Notes
Turn   | Place    | Note
-------+----------+-------------------------------------------
     0 | D:1      | zishaf the Naga Fire Elementalist began the quest for the
                  | Orb.
     0 | D:1      | Reached XP level 1. HP: 15/15 MP: 3/3
   133 | D:1      | Reached XP level 2. HP: 11/22 MP: 3/5
   604 | D:1      | Learned a level 2 spell: Scorch
   850 | D:1      | Reached XP level 3. HP: 28/28 MP: 3/6
  1213 | D:2      | Found a faded altar of an unknown god.
  1291 | D:2      | Reached XP level 4. HP: 30/36 MP: 1/7
  2224 | D:3      | Found a glowing drain.
  2229 | Sewer    | Entered a sewer
  2260 | Sewer    | Reached skill level 4 in Fire Magic
  2270 | Sewer    | Reached XP level 5. HP: 31/42 MP: 3/9
  2650 | Sewer    | Reached XP level 6. HP: 42/49 MP: 3/10
  2653 | Sewer    | Reached skill level 5 in Fire Magic
  2868 | D:3      | Learned a level 3 spell: Conjure Flame
  2873 | D:3      | Learned a level 4 spell: Flame Wave
  2922 | D:3      | Found a glowing golden altar of the Shining One.
  3166 | D:3      | Noticed Ijyb
  3180 | D:3      | Killed Ijyb
  3594 | D:4      | Reached skill level 1 in Fighting
  3594 | D:4      | Reached XP level 7. HP: 57/57 MP: 5/12
  3821 | D:4      | Found a sparkling altar of Nemelex Xobeh.
  3953 | D:4      | Found Bumih's Magic Scroll Shoppe.
  3975 | D:4      | Bought a scroll of summoning for 114 gold pieces
  4571 | D:4      | Reached skill level 6 in Fire Magic
  4883 | D:5      | Entered Level 5 of the Dungeon
  5058 | D:5      | Reached XP level 8. HP: 68/68 MP: 9/14
  5060 | D:5      | Found Mukhlon's Jewellery Shop.
  5340 | D:5      | Noticed a troll
  5341 | D:5      | Found a basalt altar of Yredelemnul.
  5342 | D:5      | Noticed a two-headed ogre
  5342 | D:5      | Found a hide-covered altar of Uskayaw.
  5343 | D:5      | Found a bloodstained altar of Trog.
  5353 | D:5      | Found a transporter.
  5707 | D:5      | Found a transporter.
  5959 | D:6      | Reached skill level 7 in Fire Magic
  6012 | D:6      | HP: 2/63 [wight/+5 falchion (9)]
  6013 | D:6      | Slain by an orc

Illustrated notes

Levels and vault maps discovered:
D:1:      sevenhm_arrival_forest_fort_small_6, layout_rooms, roderic_lattice_a
D:2:      layout_rooms, serial_aquarium, aquarium_bridge_long_joined
          [aquarium_subvault_bridge, aquarium_subvault_bridge,
          aquarium_subvault_balcony, aquarium_subvault_bridge,
          aquarium_subvault_bridge, aquarium_subvault_balcony],
          aquarium_bridge_square [aquarium_subvault_window,
          aquarium_subvault_window, aquarium_subvault_balcony,
          aquarium_subvault_bridge], aquarium_window_2,
          aquarium_window_corridor_3, aquarium_window_corner,
          aquarium_window_fake, aquarium_view_2c, aquarium_balcony_double_3,
          nicolae_ecumenical_lake_church, minmay_misc_feat_encased
D:3:      layout_rooms, mainiacjoe_overflow_chevrons, portal_sewer_entry_e,
          uniq_ijyb
D:4:      layout_basic, old_standard_altar, serial_shops,
          nicolae_shop_hallway_plus
D:5:      layout_loops_ring, gammafunk_temple_overflow_arena, serial_shops,
          nicolae_stop_n_shop_1
D:6:      layout_loops_ring, mainiacjoe_overflow_alcove_2, kennysheep_mini,
          minivault_24, dreamdust_wishing_well, chequers_mini_garden

Skill      XL: |  1  2  3  4  5  6  7  8 |
---------------+-------------------------+-----
Stealth        | 4 |  4.0
Conjurations   | 2 3 4 |  4.5
Fire Magic     | 4 5 6 7 |  7.2
Spellcasting   | 3 4 |  4.6
Fighting       | 1 2 3 |  3.2
Dodging        | |  1.7

Action                   |  1- 3 |  4- 6 |  7- 9 || total
-------------------------+-------+-------+-------++-------
Melee: Unarmed           |    19 |       |       ||    19
       Staff             |       |     3 |    36 ||    39
 Cast: Foxfire           |    41 |   112 |    64 ||   217
       Scorch            |       |       |    32 ||    32
       Conjure Flame     |       |       |     4 ||     4
 Abil: Spit Poison       |     6 |     1 |     1 ||     8
  Use: Scroll            |       |     7 |     3 ||    10
       Potion            |       |       |     8 ||     8
 Stab: Sleeping          |     1 |       |       ||     1
Armor: Robe              |    12 |     9 |    12 ||    33
Dodge: Dodged            |    30 |    29 |    61 ||   120

Table legend: (Time is in decaauts)
 A = Elapsed time spent in this place.
 B = Non-inter-level travel time spent in this place.
 C = Inter-level travel time spent in this place.
 D = Time resting spent in this place.
 E = Time spent auto-exploring this place.
 F = Levels seen in this place.
 G = Mean time per level.
                   A        B        C        D        E       F      G
               +--------+--------+--------+--------+--------+-----+--------+
         Total |   7412 |   7128 |    284 |    477 |   5311 |   7 | 1058.9 |
       Dungeon |   6551 |   6267 |    284 |    354 |   4906 |   6 | 1091.8 |
         Sewer |    861 |    861 |      0 |    123 |    404 |   1 |  861.0 |
               +--------+--------+--------+--------+--------+-----+--------+

Top non-repeatable levels by time:
     D:4: 1747 daAuts
     D:2: 1355 daAuts
     D:1: 1347 daAuts
     D:5: 1043 daAuts
     D:3: 906 daAuts
   Sewer: 861 daAuts
     D:6: 151 daAuts
